 Dungeon Crawl Stone Soup version 0.20.1-1-g8b1a95d (webtiles) character file.

307 gobwax the Insei (level 6, -3/38 HPs)
             Began as an Octopode Transmuter on Aug 27, 2017.
             Was a Follower of Uskayaw.
             Killed by divine providence
             ... invoked by an orc priest
              (11 damage)
             ... on level 4 of the Dungeon.
             The game lasted 00:09:24 (3599 turns).

gobwax the Insei (Octopode Transmuter)              Turns: 3599, Time: 00:09:25

Health: -3/38      AC:  1    Str: 10    XL:     6   Next: 40%
Magic:  4/10       EV: 12    Int: 17    God:    Uskayaw [*.....]
Gold:   189        SH:  0    Dex: 12    Spells: 5/11 levels left

rFire    . . .     SeeInvis .     - Unarmed
rCold    . . .     Gourm    .   (no shield)
rNeg     . . .     Faith    .   (helmet restricted)
rPois    .         Spirit   .   (no amulet)
rElec    .         Reflect  .   (no ring)
rCorr    .         Harm     .   (no ring)
MR       .....                  (no ring)
Stlth    ++........             (no ring)
Regen    0.2/turn               (no ring)
MPRegen  0.2/turn               (no ring)
                                (no ring)
                                (no ring)

@: very heavily drained
A: almost no armour, stealthy swim, amphibious, 8 rings, constrict 8, camouflage
1, gelatinous body 1
a: Stomp, Renounce Religion


You were on level 4 of the Dungeon.
You worshipped Uskayaw.
Uskayaw was noncommittal.
You were not hungry.

You visited 1 branch of the dungeon, and saw 4 of its levels.

You collected 189 gold pieces.

Inventory:

Missiles
 a - 34 arrows
Jewellery
 d - an uncursed ring of positive energy {unknown}
 m - an uncursed amulet of harm {unknown}
Wands
 o - a wand of scattershot (7/9)
Scrolls
 g - a scroll of immolation
 j - a scroll of remove curse {unknown}
 l - a scroll of enchant armour {unknown}
 n - a scroll of noise {unknown}
 p - a scroll of random uselessness {unknown}
 q - a scroll of identify {unknown}
 w - a scroll of teleportation {unknown}
Potions
 e - 2 potions of haste {unknown}
 i - a potion of degeneration {unknown}
 k - a potion of flight {unknown}
 t - a potion of magic {unknown}
Books
 b - a book of Changes

   Spells                             Type                      Level
   a - Beastly Appendage              Transmutation                1
   b - Sticks to Snakes               Transmutation                2
   c - Spider Form                    Transmutation/Poison         3
   d - Ice Form                       Ice/Transmutation            4
   e - Blade Hands                    Transmutation                5
Comestibles
 c - 4 bread rations
 f - a meat ration
 s - a royal jelly
 u - a chunk of flesh
 v - 7 fruits


   Skills:
 - Level 1.0(0.0) Fighting
 - Level 2.0(0.0) Dodging
 * Level 5.9(1.8) Unarmed Combat
 + Level 3.1(0.0) Spellcasting
 + Level 3.1(0.0) Transmutations


You had 5 spell levels left.
You knew the following spells:

 Your Spells              Type           Power        Failure   Level  Hunger
a - Beastly Appendage     Tmut           #.....       24%         1    ##.....
b - Sticks to Snakes      Tmut           #.......     34%         2    ###....
c - Spider Form           Tmut/Pois      #.........   56%         3    ####...


Dungeon Overview and Level Annotations

Branches:
Dungeon (4/15)
 Temple: D:4-7

Altars:
Okawaru
Uskayaw
Vehumet
Yredelemnul


Innate Abilities, Weirdness & Mutations

You cannot wear most types of armour.
You are very stealthy in the water. (Stealth+)
You are amphibious.
You can wear up to eight rings at the same time.
You can use your tentacles to constrict eight enemies at once.
Your skin changes colour to match your surroundings (Stealth+).
Your rubbery body absorbs attacks. (AC +1, EV +1)


Message History

* * * LOW HITPOINT WARNING * * *
You feel drained.
* * * LOW HITPOINT WARNING * * *
Casting: Beastly Appendage
Confirm with . or Enter, or press ? or * to list all spells.
You create a snake!
You now have 34 arrows.
The orc priest looks braver for a moment.
You hear some strange, mumbled words.
Something tries to affect you, but you resist.
You swap places.
The orc priest hits your ball python with a mace.
Your ball python dies!
You hear some strange, mumbled words.
A puff of flame appears from out of thin air!
The puff of flame hits you!
* * * LOW HITPOINT WARNING * * *
You feel better.
The orc priest invokes the aid of Beogh against you.
Beogh smites you!
You die...

########## #.........
#......... #.........
#############.........
#...o{#.............).
#.###.#...............
#....@................
#.###'#######.........
#.#?.......###########
#.#........###########
#>)...................
###...................
###........#########.#
#..........# #.....#.#
#..........# #.#.#.#.#


You could see an orc priest.

Vanquished Creatures
  A hound (D:4)
  2 iguanas (D:4)
  An orc wizard (D:4)
  A worker ant (D:4)
  A gnoll (D:1)
  6 adders
  3 oozes
  An adder skeleton (D:4)
  A worm (D:3)
  2 dart slugs
  5 leopard geckos
  7 orcs
  7 giant cockroaches
  7 goblins
  7 hobgoblins
  7 jackals
  10 kobolds
  2 quokkas
  5 bats
  4 frilled lizards
  A quokka skeleton (D:4)
  8 rats
89 creatures vanquished.

Vanquished Creatures (collateral kills)
  An adder (D:2)
  3 orcs (D:4)
  A ball python (D:2)
  A hobgoblin (D:2)
6 creatures vanquished.

Grand Total: 95 creatures vanquished

Notes
Turn   | Place    | Note
-------+----------+-------------------------------------------
     0 | D:1      | gobwax the Octopode Transmuter began the quest for the Orb.
     0 | D:1      | Reached XP level 1. HP: 13/13 MP: 3/3
    99 | D:1      | Reached XP level 2. HP: 10/18 MP: 5/5
   525 | D:1      | Reached XP level 3. HP: 23/23 MP: 6/6
   531 | D:1      | You fall through a shaft!
   575 | D:1      | Reached skill level 4 in Unarmed Combat
  1223 | D:2      | Learned a level 2 spell: Sticks to Snakes
  1254 | D:2      | Reached XP level 4. HP: 7/28 MP: 3/7
  1269 | D:2      | HP: 2/42 [poisoned by an adder]
  1716 | D:2      | Found a radiant altar of Vehumet.
  1717 | D:2      | Found a basalt altar of Yredelemnul.
  2031 | D:3      | Found an iron altar of Okawaru.
  2159 | D:3      | Reached skill level 5 in Unarmed Combat
  2205 | D:3      | Reached XP level 5. HP: 32/33 MP: 4/8
  2484 | D:4      | Learned a level 3 spell: Spider Form
  2484 | D:4      | Found a hide-covered altar of Uskayaw.
  2914 | D:4      | Became a worshipper of Uskayaw the Reveler
  2958 | D:4      | Reached * piety under Uskayaw
  3044 | D:4      | Noticed an ogre
  3268 | D:4      | Reached ** piety under Uskayaw
  3269 | D:4      | Reached XP level 6. HP: 10/38 MP: 4/10
  3449 | D:4      | Reached *** piety under Uskayaw
  3599 | D:4      | Killed from afar by an orc priest

Skill      XL: |  1  2  3  4  5  6 |
---------------+-------------------+-----
Unarmed Combat | 4 5 |  5.9
Transmutations | 3 |  3.1
Spellcasting   | 3 |  3.1
Fighting       | |  1.0
Dodging        | |  2.0

Action                   |  1- 3 |  4- 6 || total
-------------------------+-------+-------++-------
Melee: Unarmed           |    75 |   133 ||   208
       Constrict         |    24 |    27 ||    51
       Tentacles         |    15 |    24 ||    39
       Kick              |     1 |    24 ||    25
       Punch             |     1 |     6 ||     7
 Cast: Beastly Appendage |     5 |    27 ||    32
       Sticks to Snakes  |     1 |    15 ||    16
Invok: Stomp             |       |     1 ||     1
       Line Pass         |       |     1 ||     1
  Use: Potion            |       |     7 ||     7
       Scroll            |       |     2 ||     2
 Stab: Sleeping          |     6 |     6 ||    12
       Distracted        |       |     1 ||     1
       Confused          |       |     1 ||     1
  Eat: Chunk             |     1 |     6 ||     7
       Meat ration       |       |     1 ||     1
Armor: Skin              |     3 |     8 ||    11
Dodge: Dodged            |    43 |    67 ||   110
